 Dungeon Crawl Stone Soup version 0.23.0-3-gf3c87f2df8 (webtiles) character file.

Game seed: 15021662038567903527

2480 Revguard the Cudgeler (level 9, -4/53 HPs)
             Began as a Gargoyle Fighter on Feb 23, 2019.
             Was a Believer of Ru.
             Slain by an orc warrior
             ... wielding a +0 halberd
              (17 damage)
             ... in a bailey.
             The game lasted 00:21:08 (4707 turns).

Revguard the Cudgeler (Gargoyle Fighter)            Turns: 4707, Time: 00:21:09

Health: -4/53      AC: 29    Str: 21    XL:     9   Next: 51%
Magic:  9/9        EV: 10    Int:  9    God:    Ru [**....]
Gold:   304        SH: 11    Dex: 11    Spells: 8/8 levels left

rFire    . . .     SeeInvis .   E - +3 mace (protect)
rCold    . . .     Gourm    .   c - +0 shield
rNeg     + . .     Faith    .   n - +3 chain mail {rPois}
rPois    ∞         Spirit   .   m - +0 helmet
rElec    +         Reflect  .   (no cloak)
rCorr    .         Harm     .   t - +0 pair of gloves
MR       .....                  (no boots)
Stlth    ..........             x - amulet of magic regeneration
HPRegen  0.17/turn              A - ring of stealth
MPRegen  0.36/turn              b - +3 ring of evasion

@: protection aura
A: negative energy resistance 1, electricity resistance, unbreathing,
petrification resistance, rot immunity, unskilled 1, AC +6
a: Renounce Religion


You were in a bailey.
You worshipped Ru.
Ru was pleased with you.
You were very hungry.

You visited 2 branches of the dungeon, and saw 8 of its levels.
You also visited: Bailey.

You collected 304 gold pieces.

Inventory:

Hand Weapons
 e - a +2 mace of venom
 E - a +3 mace of protection (weapon)
Armour
 c - a +0 shield (worn)
 m - a +0 helmet (worn)
 n - a +3 chain mail of poison resistance (worn)
 t - a +0 pair of gloves (worn)
Jewellery
 b - a +3 ring of evasion (right hand)
 h - an uncursed ring of magical power
 x - an amulet of magic regeneration (around neck)
 y - an uncursed ring of poison resistance
 A - a ring of stealth (left hand)
Wands
 a - a wand of flame (26)
 v - a wand of paralysis (8)
 w - a wand of random effects (17)
Scrolls
 g - 4 scrolls of remove curse
 s - a scroll of enchant armour
 D - a scroll of amnesia {unknown}
Potions
 j - a potion of lignification
 l - a potion of cancellation
 r - a potion of curing
 u - a potion of degeneration
 B - a potion of brilliance
Miscellaneous
 d - a fan of gales (inert)
Comestibles
 f - 6 rations


   Skills:
 + Level 4.9 Fighting
 + Level 7.4 Maces & Flails
 + Level 5.8 Armour
 + Level 2.2 Dodging
 + Level 7.3 Shields
 + Level 0.1 Evocations


You had 8 spell levels left.
You didn't know any spells.
Your spell library contained the following spells:

 Spells                   Type           Power        Failure   Level  Hunger
 Freeze                   Ice            #...         100%        1    ##.....
 Throw Frost              Conj/Ice       #.....       100%        2    ###....
 Ozocubu's Armour         Chrm/Ice       #.......     100%        3    ####...
 Summon Ice Beast         Ice/Summ       #.......     100%        4    #####..
 Throw Icicle             Conj/Ice       #.......     100%        4    #####..


Dungeon Overview and Level Annotations

Branches:
Dungeon (7/15)             Temple (1/1) D:4

Altars:
Ashenzari
Cheibriados
Dithmenos
Elyvilon
Fedhas
Gozag
Hepliaklqana
Kikubaaqudgha
Makhleb
Nemelex Xobeh
Okawaru
Qazlal
Ru
Sif Muna
Trog
Uskayaw
Vehumet
Wu Jian
Yredelemnul
Zin
The Shining One

Shops:
D:5 :   D:6 =


Innate Abilities, Weirdness & Mutations

You are resistant to torment.
Your stone body is resilient. (AC +6)
You are immune to poison.
You resist negative energy. (rN+)
You are resistant to electric shocks. (rElec)
You can survive without breathing.
You are immune to petrification.
You are immune to rotting.
You are somewhat unskilled. (-1 Apt)


Message History

The orc suddenly stops moving!
Something says, "I'm a little confused."
Items here: ( ) ? [ † a +0 arbalest; a +0 chain mail; a scroll of enchant weapon; 22 bolts an orc corpse The helpless orc fails to defend itself.
You hit the orc.
Your weapon exudes an aura of protection.
The orc is heavily wounded.
The orc knight roars a battlecry!
The orc warriors go into a battle-frenzy!
The helpless orc fails to defend itself.
You hit the orc.
You kill the orc!
The orc warrior shoots a bolt.
You block the bolt. Something hits you!
* * * LOW HITPOINT WARNING * * *
You close the door, pushing everything out of the way.
Items here: ( )) ? [ † Something hits you!
You die...

### ###
##∩###########.## ..
#((.##.....##)))#
≈..#)(.#..≈≈≈..#.).#
≈≈.......≈≈o≈≈(#(.)#
o≈.......≈.oo≈.+$..#
≈≈.......≈≈o≈≈.#@(.#
≈..#...#..≈≈≈(.#(..#
..##...##.....##...#
## ##∩###########.##
### ###


There were no monsters in sight!

Vanquished Creatures
  A spriggan (D:7)
  Menkaure (D:5)
  5 orc warriors (Bailey)
  3 ice beasts (D:5)
  4 ogres
  2 centaurs (D:7)
  4 bullfrogs (D:7)
  A wyvern zombie (D:6)
  A scorpion (D:7)
  2 centaur zombies (D:7)
  A hound (D:7)
  2 jellies (D:7)
  3 orc priests
  A bullfrog skeleton (D:6)
  An orc wizard (D:6)
  Terence (D:2)
  Natasha (thrice) (D:2)
  3 worker ants
  A killer bee zombie (D:5)
  Robin (D:2)
  3 gnolls (D:4)
  A howler monkey skeleton (D:7)
  8 adders
  An ooze (D:6)
  2 adder skeletons
  5 worms
  3 dart slugs
  2 leopard geckos
  10 orcs
  3 ball pythons
  10 bats
  5 giant cockroaches
  18 goblins
  6 hobgoblins
  2 jackals (D:2)
  5 kobolds
  4 quokkas
  6 frilled lizards
  A jackal skeleton (D:5)
  A leopard gecko zombie (D:5)
  12 rats
149 creatures vanquished.

Vanquished Creatures (others)
  An orc warrior (Bailey)
1 creature vanquished.

Grand Total: 150 creatures vanquished

Notes
Turn   | Place    | Note
-------+----------+-------------------------------------------
     0 | D:1      | Revguard the Gargoyle Fighter began the quest for the Orb.
     0 | D:1      | Reached XP level 1. HP: 14/14 MP: 1/1
    98 | D:1      | Reached XP level 2. HP: 18/19 MP: 2/2
   282 | D:1      | Reached XP level 3. HP: 22/23 MP: 3/3
   566 | D:2      | Noticed Natasha
   574 | D:2      | Killed Natasha
   574 | D:2      | Reached XP level 4. HP: 10/29 MP: 4/4
   668 | D:2      | Noticed Natasha
   673 | D:2      | Killed Natasha
   916 | D:2      | Reached XP level 5. HP: 33/33 MP: 5/5
  1024 | D:2      | Noticed Natasha
  1031 | D:2      | Killed Natasha
  1062 | D:2      | Reached skill level 1 in Dodging
  1082 | D:2      | Noticed Robin
  1134 | D:2      | Killed Robin
  1339 | D:2      | Noticed Terence
  1364 | D:2      | Killed Terence
  1364 | D:2      | Reached XP level 6. HP: 29/38 MP: 6/6
  2122 | D:4      | Found a staircase to the Ecumenical Temple.
  2135 | D:4      | Reached skill level 5 in Shields
  2158 | Temple   | Entered the Ecumenical Temple
  2348 | Temple   | Became a worshipper of Ru the Awakened
  2444 | D:4      | Reached XP level 7. HP: 43/43 MP: 7/7
  2959 | D:5      | Entered Level 5 of the Dungeon
  3048 | D:5      | Noticed Menkaure
  3058 | D:5      | Killed Menkaure
  3058 | D:5      | Reached skill level 5 in Maces & Flails
  3058 | D:5      | Reached skill level 5 in Armour
  3252 | D:5      | Got a faintly humming chain mail
  3281 | D:5      | Identified the cursed +0 chain mail of Shielding {Int+2}
                  | (You found it on level 5 of the Dungeon)
  3296 | D:5      | Found Exof Loo's Book Emporium.
  3427 | D:5      | Reached XP level 8. HP: 37/48 MP: 8/8
  3630 | D:5      | Gained mutation: You are somewhat unskilled. (-1 Apt) [Ru
                  | sacrifice]
  3630 | D:5      | Reduced skill Maces & Flails to level 5
  3630 | D:5      | Reached * piety under Ru
  3630 | D:5      | Reached ** piety under Ru
  4152 | D:6      | Found Betusmuog's Jewellery Emporium.
  4351 | D:7      | Noticed a spriggan baker
  4365 | D:7      | Killed a spriggan baker
  4378 | D:7      | Reached XP level 9. HP: 21/52 MP: 9/9
  4515 | D:7      | Found a flagged portal.
  4521 | Bailey   | Entered a bailey
  4529 | Bailey   | Noticed an orc knight
  4707 | Bailey   | Slain by an orc warrior

Skill      XL: |  1  2  3  4  5  6  7  8  9 |
---------------+----------------------------+-----
Shields        | 4 5 6 7 |  7.3
Maces & Flails | 3 4 5 6 7 |  7.4
Armour         | 4 5 |  5.8
Dodging        | 1 2 |  2.2
Fighting       | 4 |  4.9
Evocations     | |  0.1

Action                   |  1- 3 |  4- 6 |  7- 9 || total
-------------------------+-------+-------+-------++-------
Melee: Flail             |    30 |       |       ||    30
       Mace              |    51 |   179 |   285 ||   515
Invok: Sacrifice Skill   |       |       |     1 ||     1
Evoke: Wand              |       |       |     5 ||     5
       Fan of gales      |       |       |     1 ||     1
  Use: Potion            |       |       |     9 ||     9
       Scroll            |       |       |    12 ||    12
 Stab: Invisible         |       |       |     3 ||     3
       Paralysed         |       |       |     2 ||     2
  Eat: Chunk             |       |     5 |     7 ||    12
Armor: Scale mail        |    44 |       |       ||    44
       Chain mail        |    18 |   116 |   227 ||   361
Dodge: Dodged            |    35 |    36 |   230 ||   301
Block: Shield            |    58 |   109 |   250 ||   417
